 Dungeon Crawl Stone Soup version 0.30.0 (webtiles) character file.

Game seed: 3853195819892776796

500 workbot the Cleaver (level 7, -10/70 HPs)
             Began as an Ogre Berserker on May 6, 2023.
             Was a Believer of Trog.
             Mangled by Crazy Yiuf
             ... wielding a +3 quarterstaff of chaos
              (12 damage)
             ... on level 4 of the Dungeon.
             The game lasted 00:08:30 (4001 turns).

workbot the Cleaver (Ogre Berserker)                Turns: 4001, Time: 00:08:32

Health: -10/70     AC:  6    Str: 27    XL:     7   Next: 16%
Magic:  4/7        EV:  7    Int:  8    God:    Trog [**....]
Gold:   277        SH:  9    Dex:  8    Spells: 6/6 levels left

rFire   + + .        a - +0 hand axe
rCold   . . .        m - +0 tower shield
rNeg    . . .        c - +2 robe {rF+}
rPois   .            e - +1 hat of Pandemonium {Harm Str+3}
rElec   .            (no cloak)
rCorr   .            (gloves unavailable)
SInv    .            (boots unavailable)
Will    .....        o - amulet of the acrobat
Stlth   +            f - ring of protection from fire
HPRegen 0.31/turn    (no ring)
MPRegen 0.10/turn

%: harm (+30% outgoing, +20% incoming), acrobat
@: on berserk cooldown, slowed, very slow
A: large, unfitting armour, tough skin 1
a: Renounce Religion, Berserk, Trog's Hand


You were on level 4 of the Dungeon.
You worshipped Trog.
Trog was pleased with you.
You visited 1 branch of the dungeon, and saw 4 of its levels.

You collected 277 gold pieces.

Inventory:

Hand Weapons
 a - a +0 hand axe (weapon)
 h - a +1 dagger of flaming
 n - a +6 heavy flail
Armour
 c - a +2 robe of fire resistance (worn)
 e - the +1 hat of Pandemonium (worn) {Harm Str+3}
   (You acquired it on level 2 of the Dungeon)

   Str:       It affects your strength (+3).
   Harm:      It increases damage dealt and taken.
 m - a +0 tower shield (worn)
Jewellery
 f - a ring of protection from fire (left hand)
 o - an amulet of the acrobat (around neck)
Scrolls
 b - a scroll of magic mapping
 d - a scroll of fog
 i - a scroll of fear
 l - 4 scrolls of teleportation
Potions
 g - a potion of haste
 j - a potion of resistance
 k - a potion of lignification


   Skills:
 - Level 4.0 Fighting
 + Level 8.0 Axes
 - Level 2.6 Dodging


You had 6 spell levels left.
You didn't know any spells.
Your spell library contained the following spells:

 Spells                   Type           Power      Damage    Failure   Level
 Portal Projectile        Hex/Tloc       0%         N/A       100%        3
 Tukima's Dance           Hex            0%         N/A       100%        3
 Blade Hands              Tmut           0%         N/A       100%        5


Dungeon Overview and Level Annotations

Branches:
Dungeon (4/15)
 Temple: D:4-7

Altars:
Zin

Shops:
D:1 (

Annotations:
D:4 Crazy Yiuf


Innate Abilities, Weirdness & Mutations

You are too large for most types of armour.
You have tough skin. (AC +1)


Message History

You feel sick.
You barely miss Crazy Yiuf.
Crazy Yiuf is almost dead.
You feel sick.
Crazy Yiuf says, "Whiteboard chair song!"
Crazy Yiuf hits you with a +3 quarterstaff of chaos.
Crazy Yiuf freezes you.
You barely miss Crazy Yiuf.
Crazy Yiuf is almost dead.
You feel sick.
Crazy Yiuf hits you with a +3 quarterstaff of chaos!
You barely miss Crazy Yiuf.
Crazy Yiuf is almost dead.
You are no longer berserk.
You are exhausted.
You feel yourself slow down.
Crazy Yiuf hits you with a +3 quarterstaff of chaos!
You feel your power leaking away.
You barely miss Crazy Yiuf.
Crazy Yiuf is almost dead.
You feel sick.
Crazy Yiuf whimpers, "Adder tortoise hand!"
You block Crazy Yiuf's attack.
You hit Crazy Yiuf but do no damage.
Crazy Yiuf is almost dead.
You feel sick.
You are no longer poisoned.
You block Crazy Yiuf's attack. x2
You closely miss Crazy Yiuf.
Crazy Yiuf is almost dead.
Crazy Yiuf hits you with a +3 quarterstaff of chaos.
Crazy Yiuf says, "Lay pizzabubble rumpyflump!"
You block Crazy Yiuf's attack.
You barely miss Crazy Yiuf.
Crazy Yiuf is almost dead.
Crazy Yiuf hits you with a +3 quarterstaff of chaos!
Space warps horribly around you!!
* * * LOW HITPOINT WARNING * * *
Crazy Yiuf hits you with a +3 quarterstaff of chaos!
You die...

#.............
#.....#.......
#.....#.......
#######.......
#....... #..#####
### #####.##
#)..### ##.....#
#...g@####......#
#...##..#......##
### ###.#....##
########


You could see Crazy Yiuf.

Vanquished Creatures
  Edmund (D:4)
  A scorpion (D:4)
  2 hounds (D:4)
  A jelly (D:4)
  Jessica (D:3)
  An iguana (D:4)
  4 gnolls (D:3)
  5 adders
  An ufetubus (D:4)
  2 worms
  3 dart slugs
  3 orcs (D:3)
  5 endoplasms
  7 giant cockroaches
  8 goblins
  6 hobgoblins
  3 jackals (D:1)
  4 quokkas
  9 ball pythons
  10 bats
  3 frilled lizards (D:1)
  7 kobolds
  7 rats
94 creatures vanquished.

Notes
Turn   | Place    | Note
-------+----------+-------------------------------------------
     0 | D:1      | workbot the Ogre Berserker began the quest for the Orb.
     0 | D:1      | Reached XP level 1. HP: 24/24 MP: 1/1
    56 | D:1      | Reached XP level 2. HP: 32/32 MP: 2/2
   479 | D:1      | Reached skill level 4 in Axes
   565 | D:1      | Reached XP level 3. HP: 39/39 MP: 3/3
   689 | D:1      | Found Jotynil's Weapon Emporium.
  1154 | D:2      | Identified a scroll of acquirement
  1154 | D:2      | Acquired the +1 hat of Pandemonium {Harm Str+3}
  1168 | D:2      | Found a glowing silver altar of Zin.
  1366 | D:2      | Reached XP level 4. HP: 45/48 MP: 4/4
  1471 | D:2      | Reached skill level 5 in Axes
  1563 | D:2      | Reached ** piety under Trog
  1997 | D:3      | Noticed Jessica
  2023 | D:3      | Killed Jessica
  2024 | D:3      | Reached XP level 5. HP: 38/54 MP: 5/5
  2195 | D:3      | Identified the +1 leather armour of Impermeability {rN+
                  | rCorr}
  2462 | D:3      | Reached skill level 6 in Axes
  2899 | D:4      | Reached XP level 6. HP: 13/62 MP: 6/6
  3232 | D:4      | Noticed Edmund
  3248 | D:4      | Killed Edmund
  3249 | D:4      | Reached skill level 7 in Axes
  3467 | D:4      | Reached XP level 7. HP: 52/70 MP: 7/7
  3866 | D:4      | Reached skill level 8 in Axes
  3985 | D:4      | Found a runed translucent door.
  3986 | D:4      | Noticed Crazy Yiuf
  4001 | D:4      | HP: 2/70 [Crazy Yiuf/+3 quarterstaff of chaos (26)]
  4001 | D:4      | Mangled by Crazy Yiuf

Illustrated notes

Levels and vault maps discovered:
D:1:      minmay_arrival_stair_chambers, layout_basic, serial_shops,
          nicolae_shop_behind_doors
D:2:      layout_rooms, basic_altar, nrook_uturn
D:3:      layout_basic, grunt_ministairs_3, kennysheep_potato, uniq_jessica
D:4:      layout_basic, uniq_edmund, uniq_crazy_yiuf_cottage

Skill      XL: |  1  2  3  4  5  6  7 |
---------------+----------------------+-----
Axes           | 4 5 6 7 8 |  8.0
Fighting       | |  4.0
Dodging        | |  2.6

Action                     |  1- 3 |  4- 6 |  7- 9 || total
---------------------------+-------+-------+-------++-------
  Melee: Hand axe          |   100 |   206 |    42 ||   348
         Punch             |       |     2 |       ||     2
 Invoke: Berserk           |     1 |     2 |     1 ||     4
    Use: Scroll            |     5 |     7 |       ||    12
         Potion            |     3 |     5 |       ||     8
 Armour: Animal skin       |    41 |    37 |       ||    78
         Robe              |       |    39 |    11 ||    50
  Dodge: Dodged            |    64 |    77 |     8 ||   149
  Block: Tower shield      |       |    52 |    22 ||    74
